Map: Dasan Station LE

Players

soul - Winner!

  • Race: Terran Terran
  • League: Grandmaster
  • Spawn Location: 12:00

Matiz

  • Race: Zerg Zerg
  • League: Grandmaster
  • Spawn Location: 6:00

VOD

Have the link to the VOD?

Description

Time

  • Played on: Nov. 12, 2016, 3:49 p.m.
  • Length: 3:58
Show
View Real Time Build Order
Export as new Build Order

soul Terran - Winner!

Build Orders: 1/1/1 

Get SALT Encoding   

  12  0:00  SCV  
  13  0:13  SCV  
  14  0:19  Supply Depot  
  14  0:25  SCV  
  15  0:30  Refinery  
  15  0:40  SCV  
  16  0:44  Barracks  
  16  0:52  SCV  
  17  1:04  SCV  
  18  1:16  SCV  
  19  1:32  Orbital Command, Marine  
  20  1:33  Factory  
  20  1:35  Refinery  
  20  1:41  Supply Depot  
  20  1:53  Marine  
  21  1:59  SCV  
  22  2:06  Bunker  
  22  2:11  SCV  
  22  2:12  Barracks Tech Lab  
  23  2:17  Starport  
  23  2:23  SCV  
  23  2:26  Supply Depot  
  24  2:35  Siege Tank  
  27  2:37  Marine  
  27  2:41  SCV  
  29  2:51  Bunker  
  29  2:59  Medivac  
  29  3:03  SCV  
  32  3:06  Marine  
  33  3:19  Siege Tank  
  36  3:31  Marine  
  35  3:44  Supply Depot  
  35  3:54  Barracks Reactor  
Show
View Real Time Build Order
Export as new Build Order

Matiz Zerg 

Build Orders: Pool Only, Ravager All-In 

Get SALT Encoding   

  12  0:02  Drone  
  13  0:21  Spawning Pool  
  13  0:24  Drone  
  13  0:29  Drone  
  13  0:35  Extractor  
  13  0:36  Drone  
  14  0:44  Overlord  
  14  0:52  Extractor  
  14  0:53  Drone  
  14  1:03  Drone  
  15  1:09  Roach Warren  
  14  1:20  Overlord  
  14  1:48  Roach x2  
  14  1:49  Roach  
  20  2:00  Roach  
  22  2:10  Ravager x3  
  22  2:15  Roach  
  27  2:24  Roach  
  29  2:37  Overlord  
  29  2:49  Ravager  
  30  2:57  Ravager x2  
  32  3:08  Roach x2  
  21  3:36  Roach x3  
  21  3:39  Roach x2  
  27  3:52  Ravager  
  27  3:53  Ravager  
Tags
 
Add a new tag
Caveats
  • Supply blocks, unpowered buildings, or Contaminate may cause inaccurate times.
  • Supply counts are checked every 10 seconds.